 Dungeon Crawl Stone Soup version 0.20-a0-754-g13ddd6e (webtiles) character file.

30223 poirepourri the Severer (level 13, -4/123 HPs)
             Began as a Minotaur Fighter on Feb 25, 2017.
             Was the Champion of Makhleb.
             Slain by a skeletal warrior
             ... wielding a +0 short sword
              (22 damage)
             ... on level 14 of the Dungeon.
             The game lasted 00:17:08 (13211 turns).

poirepourri the Severer (Minotaur Fighter)         Turns: 13211, Time: 00:17:09

Health: -4/123     AC:  7    Str: 21    XL:     13   Next: 19%
Magic:  14/14      EV: 14    Int:  5    God:    Makhleb [******]
Gold:   1292       SH:  0    Dex: 15    Spells: 12/12 levels left

rFire    . . .     SeeInvis .   r - +6 war axe (flame)
rCold    . . .     Gourm    .   b - +1 scale mail
rNeg     . . .     Faith    .   c - +1 shield
rPois    +         Spirit   .   (helmet restricted)
rElec    .         Reflect  +   (no cloak)
rCorr    .         Harm     .   (no gloves)
MR       +....                  (no boots)
Stlth    ..........             h - +5 amulet of reflection
Regen    0.3/turn               x - ring of protection from magic
MPRegen  0.2/turn               n - ring of poison resistance

@: confused
A: retaliatory headbutt, horns 2
a: Minor Destruction, Lesser Servant of Makhleb, Major Destruction, Greater
Servant of Makhleb, Renounce Religion


You were on level 14 of the Dungeon.
You worshipped Makhleb.
Makhleb was exalted by your worship.
You were not hungry.

You visited 2 branches of the dungeon, and saw 15 of its levels.
You also visited: Ossuary and Ice Cave.

You collected 1480 gold pieces.
You spent 188 gold pieces at shops.

Inventory:

Hand Weapons
 r - a +6 war axe of flaming (weapon)
 Q - a +1 flail of flaming
Missiles
 j - 23 tomahawks (quivered)
Armour
 b - a +1 scale mail (worn)
 c - a +1 shield (worn)
 i - a +0 ring mail of magic resistance
Jewellery
 a - an uncursed amulet of regeneration
 h - a +5 amulet of reflection (around neck)
 n - a ring of poison resistance (left hand)
 x - a ring of protection from magic (right hand)
 D - an uncursed ring of see invisible
 H - an uncursed ring of teleportation
 T - an uncursed ring of protection from cold
Wands
 o - a wand of flame (29/48)
 A - a wand of paralysis (24/24)
 F - a wand of polymorph (24/24)
 I - a wand of polymorph (8/24)
 M - a wand of enslavement (9/24)
 O - a wand of random effects (29/48)
 W - a wand of iceblast (9/15)
Scrolls
 s - 2 scrolls of amnesia
 u - 6 scrolls of teleportation
 z - 3 scrolls of remove curse
 J - 2 scrolls of magic mapping
 R - 2 scrolls of recharging
 V - a scroll of fog
Potions
 d - 2 potions of ambrosia
 e - 9 potions of curing
 k - 4 potions of cancellation
 l - 3 potions of lignification
 m - a potion of agility
 p - 2 potions of brilliance {unknown}
 q - a potion of mutation {unknown}
 t - a potion of resistance {unknown}
 B - a potion of might
 C - 3 potions of flight
 E - 2 potions of haste
 P - 2 potions of degeneration {unknown}
Books
 v - a book of Annihilations

   Spells                             Type                      Level
   a - Poison Arrow                   Conjuration/Poison           6
   b - Chain Lightning                Conjuration/Air              8
   c - Lehudib's Crystal Spear        Conjuration/Earth            8
   d - Glaciate                       Conjuration/Ice              9
   e - Fire Storm                     Conjuration/Fire             9
 y - a book of Callings

   Spells                             Type                      Level
   a - Summon Small Mammal            Summoning                    1
   b - Call Imp                       Summoning                    2
   c - Call Canine Familiar           Summoning                    3
   d - Summon Guardian Golem          Hexes/Summoning              3
   e - Summon Lightning Spire         Summoning/Air                4
   f - Summon Ice Beast               Ice/Summoning                4
 G - the Guide on Venomous Feathers
   (You found it on level 8 of the Dungeon)

   Spells                             Type                      Level
   a - Sting                          Conjuration/Poison           1
   b - Shock                          Conjuration/Air              1
   c - Static Discharge               Conjuration/Air              3
   d - Venom Bolt                     Conjuration/Poison           5
   e - Lightning Bolt                 Conjuration/Air              5
   f - Alistair's Intoxication        Transmutation/Poison         5
 L - a book of Air

   Spells                             Type                      Level
   a - Shock                          Conjuration/Air              1
   b - Swiftness                      Charms/Air                   2
   c - Static Discharge               Conjuration/Air              3
   d - Airstrike                      Air                          4
   e - Lightning Bolt                 Conjuration/Air              5
 N - a book of Minor Magic

   Spells                             Type                      Level
   a - Magic Dart                     Conjuration                  1
   b - Blink                          Translocation                2
   c - Call Imp                       Summoning                    2
   d - Slow                           Hexes                        2
   e - Conjure Flame                  Conjuration/Fire             3
   f - Mephitic Cloud                 Conjuration/Poison/Air       3
 S - a book of Geomancy

   Spells                             Type                      Level
   a - Sandblast                      Earth                        1
   b - Passwall                       Transmutation/Earth          2
   c - Stone Arrow                    Conjuration/Earth            3
   d - Petrify                        Transmutation/Earth          4
   e - Lee's Rapid Deconstruction     Earth                        5
Miscellaneous
 w - a lamp of fire
Comestibles
 f - 7 bread rations
 g - 3 meat rations
 U - a royal jelly


   Skills:
 + Level 13.8 Fighting
 + Level 17.0 Axes
 - Level 3.6 Armour
 + Level 8.1 Dodging
 + Level 11.6 Shields
 + Level 3.0 Invocations


You had 12 spell levels left.
You didn't know any spells.

Dungeon Overview and Level Annotations

Branches:
Dungeon (14/15)            Temple (1/1) D:4            Lair (0/6) D:8
    Orc (0/2) D:10
 Vaults: D:13-14

Altars:
Ashenzari
Cheibriados
Dithmenos
Elyvilon
Fedhas
Gozag
Hepliaklqana
Kikubaaqudgha
Makhleb
Nemelex Xobeh
Okawaru
Qazlal
Ru
Sif Muna
Trog
Uskayaw
Vehumet
Wu Jian
Xom
Yredelemnul
Zin
The Shining One

Shops:
D:5 (


Innate Abilities, Weirdness & Mutations

You reflexively headbutt those who attack you in melee.
You have a pair of horns on your head.


Message History

Okay, then.
Okay, then.
Evoke which item? (* to show all) (? for menu, Esc to quit)
Okay, then.
You are confused.
You feel invigorated. The ogre mage barely misses you.
The skeletal warrior misses you.
You slash the skeletal warrior! You burn the skeletal warrior.
The skeletal warrior is heavily damaged.
You slash the ogre mage! You burn the ogre mage.
You slash the skeletal warrior! You burn the skeletal warrior.
You headbutt the skeletal warrior!
The skeletal warrior is severely damaged.
You hit the ogre mage. You burn the ogre mage.
The skeletal warrior hits you with a short sword.
* * * LOW HITPOINT WARNING * * *
The ogre mage hits you but does no damage.
You're too confused to move!
The skeletal warrior hits you with a short sword!!
You die...

.##..# . # #.
#.#..#.# .#
#..##.#).#.##..#
#...†).....#
####.#))#.#####
......)........
....../).......
#####.#Oz#.#####
#.....@....#
..##.#..#.##..#
. #.#..#.# .# .
#..# . # .. #..#
.. ## #..# ##
...# .###


You could see a skeletal warrior and an ogre mage.

Vanquished Creatures
  Snorg (D:13)
  The ghost of George the Severer, a journeyman HOFi of Qazlal (D:10)
  Erolcha (D:12)
  2 ice dragons (IceCv)
  2 centaur warriors (D:13)
  8 two-headed ogres
  A tengu warrior (D:13)
  Nergalle (D:10)
  2 unseen horrors
  Pikel (D:9)
  2 ugly things
  A cyclops (D:11)
  2 ice statues (IceCv)
  A gargoyle (D:13)
  Psyche (D:8)
  2 rime drakes (IceCv)
  A tengu conjurer (D:13)
  4 trolls
  4 hippogriffs
  6 yaks (D:13)
  A vampire (D:14)
  Sigmund (D:5)
  4 wyverns
  A steam dragon (D:10)
  2 hungry ghosts
  A soldier ant (D:12)
  2 wargs (D:8)
  A water moccasin (D:10)
  A black bear (D:11)
  7 orc warriors
  9 ogres
  2 necrophages
  3 phantoms
  A boggart (D:14)
  17 ice beasts
  9 centaurs
  A crocodile (D:12)
  3 big kobolds (D:14)
  A gnoll sergeant (D:9)
  2 wyvern zombies
  12 bullfrogs
  A water moccasin skeleton (D:6)
  A wyvern skeleton (D:14)
  3 scorpions
  12 wights
  A quasit (D:6)
  3 centaur zombies (Ossuary)
  8 crimson imps
  3 bullfrog zombies
  6 hounds
  A jelly (D:12)
  A gnoll shaman (D:7)
  3 bullfrog skeletons
  12 orc priests
  A human zombie (Ossuary)
  15 orc wizards
  7 centaur skeletons
  5 iguanas
  12 worker ants
  2 ogre zombies (Ossuary)
  7 mummies (Ossuary)
  A hound skeleton (D:6)
  A howler monkey zombie (D:5)
  A worker ant zombie (D:11)
  9 gnolls
  10 adders
  2 howler monkey skeletons (D:7)
  A river rat (D:4)
  2 shadow imps
  12 white imps (D:12)
  An ooze (D:2)
  5 adder zombies
  An adder skeleton (D:5)
  3 worms
  9 leopard geckos
  73 orcs
  5 bats
  12 giant cockroaches
  8 goblins
  3 hobgoblins
  14 jackals
  3 quokkas
  4 frilled lizards
  5 goblin zombies (Ossuary)
  5 hobgoblin zombies (Ossuary)
  8 kobolds
  5 kobold zombies (Ossuary)
  A quokka skeleton (D:7)
  2 quokka zombies (Ossuary)
  9 rats
  3 rat zombies (Ossuary)
447 creatures vanquished.

Vanquished Creatures (others)
  A slave (D:9)
  2 centaurs (D:9)
3 creatures vanquished.

Grand Total: 450 creatures vanquished

Notes
Turn   | Place    | Note
-------+----------+-------------------------------------------
     0 | D:1      | poirepourri the Minotaur Fighter began the quest for the Orb.
     0 | D:1      | Reached XP level 1. HP: 19/19 MP: 0/0
   393 | D:1      | Reached XP level 2. HP: 27/27 MP: 1/1
   641 | D:1      | Found a shimmering altar of Xom.
  1070 | D:2      | Reached skill level 3 in Axes
  1170 | D:2      | Reached XP level 3. HP: 34/34 MP: 2/2
  1412 | D:2      | Reached skill level 1 in Dodging
  1416 | D:2      | Reached skill level 4 in Axes
  1416 | D:2      | Reached XP level 4. HP: 16/41 MP: 3/3
  2226 | D:4      | Found a staircase to the Ecumenical Temple.
  2239 | D:4      | Reached skill level 5 in Axes
  2248 | Temple   | Entered the Ecumenical Temple
  2914 | D:4      | Reached XP level 5. HP: 44/47 MP: 4/4
  3023 | D:4      | Reached skill level 5 in Fighting
  3045 | D:4      | Found an iron altar of Okawaru.
  3047 | D:4      | Found an opulent altar of Gozag.
  3048 | D:4      | Found a sacrificial altar of Ru.
  3048 | D:4      | Found a basalt altar of Yredelemnul.
  3053 | D:4      | Found a white marble altar of Elyvilon.
  3053 | D:4      | Found a hazy altar of Hepliaklqana.
  3054 | D:4      | Found a snail-covered altar of Cheibriados.
  3059 | D:4      | Reached skill level 6 in Axes
  3424 | D:5      | Entered Level 5 of the Dungeon
  3466 | D:5      | Reached XP level 6. HP: 39/56 MP: 5/5
  3677 | D:5      | Noticed Sigmund
  3683 | D:5      | Killed Sigmund
  3683 | D:5      | Reached skill level 7 in Axes
  3711 | D:5      | Found Jount's Antique Weapon Emporium.
  3722 | D:5      | Bought a runed war axe for 188 gold pieces
  3741 | D:5      | Reached XP level 7. HP: 57/62 MP: 6/6
  3977 | D:5      | Found a radiant altar of Vehumet.
  3978 | D:5      | Found a burning altar of Makhleb.
  4012 | D:5      | Became a worshipper of Makhleb the Destroyer
  4114 | D:6      | Reached skill level 8 in Axes
  4257 | D:6      | Found an opulent altar of Gozag.
  5107 | D:6      | Reached skill level 9 in Axes
  5107 | D:6      | Reached XP level 8. HP: 71/71 MP: 7/7
  5206 | D:6      | Reached * piety under Makhleb
  5331 | D:6      | Reached skill level 10 in Axes
  5542 | D:7      | Noticed a hippogriff
  5548 | D:7      | Killed a hippogriff
  5755 | D:7      | Found a sand-covered staircase.
  5775 | D:7      | Reached skill level 11 in Axes
  5775 | D:7      | Reached XP level 9. HP: 81/81 MP: 8/8
  5785 | Ossuary  | Entered an ossuary
  5846 | Ossuary  | Reached skill level 5 in Dodging
  5894 | Ossuary  | Reached ** piety under Makhleb
  6512 | D:7      | Reached *** piety under Makhleb
  6608 | D:7      | Reached skill level 12 in Axes
  6649 | D:7      | Found a shimmering altar of Xom.
  6792 | D:7      | Killed an unseen horror
  7222 | D:8      | Noticed Psyche
  7224 | D:8      | Killed Psyche
  7224 | D:8      | Reached skill level 13 in Axes
  7224 | D:8      | Reached XP level 10. HP: 91/91 MP: 9/9
  7286 | D:8      | Found a staircase to the Lair.
  7522 | D:8      | Reached skill level 10 in Fighting
  7685 | D:8      | Found a blossoming altar of Fedhas.
  7695 | D:8      | Identified the Guide on Venomous Feathers
  8043 | D:9      | Reached **** piety under Makhleb
  8171 | D:9      | Noticed Pikel
  8179 | D:9      | Noticed a two-headed ogre
  8180 | D:9      | Killed Pikel
  8180 | D:9      | Reached skill level 14 in Axes
  8189 | D:9      | Killed a two-headed ogre
  8931 | D:9      | Noticed a two-headed ogre
  8938 | D:9      | Killed a two-headed ogre
  8938 | D:9      | Reached skill level 5 in Shields
  8943 | D:10     | Entered Level 10 of the Dungeon
  8946 | D:10     | Noticed George's ghost (journeyman HOFi)
  8962 | D:10     | Killed George's ghost
  8962 | D:10     | Reached XP level 11. HP: 102/102 MP: 10/10
  9002 | D:10     | Noticed Nergalle
  9011 | D:10     | Killed Nergalle
  9011 | D:10     | Reached skill level 15 in Axes
  9220 | D:10     | Found a staircase to the Orcish Mines.
  9410 | D:10     | Reached ***** piety under Makhleb
  9859 | D:11     | Noticed a two-headed ogre
  9867 | D:11     | Killed a two-headed ogre
 10023 | D:11     | Noticed a two-headed ogre
 10035 | D:11     | Killed a two-headed ogre
 10198 | D:11     | Found a glowing golden altar of the Shining One.
 10230 | D:11     | Noticed a purple ugly thing
 10241 | D:11     | Killed a purple ugly thing
 10241 | D:11     | Reached skill level 16 in Axes
 10622 | D:12     | Found a frozen archway.
 10765 | IceCv    | Entered an ice cave
 10773 | IceCv    | Reached XP level 12. HP: 94/113 MP: 11/11
 10844 | IceCv    | Reached ****** piety under Makhleb
 11110 | IceCv    | Noticed an ice dragon
 11111 | IceCv    | Noticed an ice dragon
 11120 | IceCv    | HP: 3/113 [ice dragon (13)]
 11331 | IceCv    | Killed an ice dragon
 11779 | IceCv    | Killed an ice dragon
 11779 | IceCv    | Reached skill level 1 in Invocations
 12220 | D:12     | Noticed Erolcha
 12229 | D:12     | Killed Erolcha
 12230 | D:12     | Noticed a two-headed ogre
 12236 | D:12     | Killed a two-headed ogre
 12323 | D:13     | Noticed a centaur warrior
 12334 | D:13     | Killed a centaur warrior
 12344 | D:13     | Reached skill level 10 in Shields
 12463 | D:13     | Noticed a centaur warrior
 12470 | D:13     | Killed a centaur warrior
 12641 | D:13     | Noticed Snorg
 12653 | D:13     | Killed Snorg
 12744 | D:13     | Noticed a tengu warrior
 12750 | D:13     | Killed a tengu warrior
 12788 | D:13     | Reached XP level 13. HP: 94/122 MP: 14/14
 13181 | D:14     | Reached skill level 17 in Axes
 13205 | D:14     | HP: 2/123 [skeletal warrior/short sword (14)]
 13211 | D:14     | Slain by a skeletal warrior

Vault maps used:
D:1:      dpeg_arrival_pits, st_stairs_10, xom_teletrap_fun
D:2:      serial_park_tiny_2
D:3:      first_bread, dk_noncrumbling_3
D:4:      grunt_temple_overflow_open, minmay_temple_entry_junction,
          gup_sewer_entry_bubbles
D:5:      grunt_temple_overflow_lords_of_destruction, serial_shops, shop,
          uniq_sigmund
D:6:      kennysheep_windowed_halls, grunt_gozag_breadcrumbs
D:7:      basic_altar, nicolae_ossuary_entry_monument, grunt_ogre_cave
D:8:      overflow_temple_1_default, erik_lair_orcish_takeover, uniq_psyche
D:9:      uniq_pikel
D:10:     hiddenorc2_lemuel, uniq_nergalle
D:11:     minmay_misc_feat_five, tso_metal_star
D:12:     portal_ice_cave_entry_imps, enter_bailey_2, minmay_tree_intersection,
          uniq_erolcha
D:13:     uniq_snorg
D:14:     hangedman_vaults_entry_quadrant_bands, minmay_misc_feat_iff
Temple:   minmay_temple_forest_path
Ossuary:  ossuary_boxes_badplayer
IceCv:    ice_cave_small_dragons

Skill      XL: |  1  2  3  4  5  6  7  8  9 10 11 12 13 |
---------------+----------------------------------------+-----
Fighting       | 4 5 6 8 9 11 12 13 | 13.8
Axes           | 3 4 5 6 7 9 11 13 14 16 17 | 17.0
Dodging        | 1 2 3 4 5 6 7 8 |  8.1
Shields        | 5 7 10 11 | 11.6
Invocations    | 3 |  3.0
Armour         | |  3.6

Action                   |  1- 3 |  4- 6 |  7- 9 | 10-12 | 13-15 || total
-------------------------+-------+-------+-------+-------+-------++-------
Melee: War axe           |    78 |   129 |   317 |   494 |    51 ||  1069
       Headbutt          |     8 |    20 |    45 |   106 |    17 ||   196
Invok: Lesser Servant of |       |       |       |     7 |       ||     7
  Use: Scroll            |     4 |    13 |     9 |    13 |     1 ||    40
       Potion            |     2 |       |       |     7 |     1 ||    10
  Eat: Fruit             |     2 |     3 |       |     3 |       ||     8
       Bread ration      |       |     1 |       |       |       ||     1
       Royal jelly       |       |     1 |     1 |     1 |     2 ||     5
       Meat ration       |       |       |     2 |     3 |       ||     5
Armor: Scale mail        |    34 |       |    20 |    80 |    11 ||   145
       Ring mail         |    12 |    37 |    77 |       |       ||   126
Dodge: Dodged            |    26 |    31 |    89 |   153 |    20 ||   319
Block: Shield            |    44 |    77 |   231 |   413 |    66 ||   831
       Reflection        |       |       |     2 |    33 |     3 ||    38
